SAAA
ATHLETIC CLUB KC RESERVES @ ALASKAN HUMPBACKS
08/31/2029
 
TOP OF THE 1ST
Athletic Club KC Reserves batting - Pitching for Alaskan Humpbacks : RHP Neil Franson
Pitching: RHP Neil Franson
Batting: RHB Khal Drogo 0-0: Foul Ball, location: 2F
0-1: Ball
1-1: Ball
2-1: Ball
3-1: SINGLE (Line Drive, 6D)
Batting: RHB Iván Chacón 0-0: Ground out 6-3 (Groundball, 6S)
Khal Drogo to second
Batting: LHB Wu-shun Chu 0-0: Called Strike
0-1: Ball
1-1: Called Strike
1-2: Ground out 4-3 (Groundball, 4M)
Khal Drogo to third
Batting: LHB Tsai Ng 0-0: Ball
1-0: Ball
2-0: Foul Ball, location: 2F
2-1: Foul Ball, location: 2F
2-2: Foul Ball, location: 2F
2-2: Foul Ball, location: 2F
2-2: Ball
3-2: Base on Balls
Batting: RHB Andrés Medina 0-0: Ball
1-0: Hit by Pitch
Tsai Ng to second
Batting: RHB Dani Reyes 0-0: Foul Ball, location: 2F
0-1: Swinging Strike
0-2: Ball
1-2: SINGLE (Line Drive, 56D)
Khal Drogo scores
Tsai Ng to third
Andrés Medina to second
Runner from 3rd tries for Home, SAFE, no throw
Batting: RHB Allen Williams 0-0: Ball
1-0: Ground out 4-3 (Groundball, 4)
Top of the 1st over - 2 runs, 2 hits, 0 errors, 2 left on base; Athletic Club KC 2 - Alaskan 0
BOTTOM OF THE 1ST
Alaskan Humpbacks batting - Pitching for Athletic Club KC Reserves : LHP Jesús Otero
Pitching: LHP Jesús Otero
Batting: RHB Gregory Shankland 0-0: Called Strike
0-1: Ball
1-1: Ball
2-1: Ball
3-1: Base on Balls
Batting: RHB Jesús Torres 0-0: Ball
1-0: Ball
2-0: Called Strike
2-1: Called Strike
2-2: Foul Ball, location: 2F
2-2: Foul Ball, location: 2F
2-2: Ball
3-2: Foul Ball, location: 2F
3-2: Foul Ball, location: 2F
3-2: Grounds into double play, 5-4-3 (Groundball, 5)
Batting: SHB Kai-xi Choe 0-0: SINGLE (Groundball, 4MD)
Batting: RHB Urs van Munster 0-0: Called Strike
0-1: Fly out, F7 (Line Drive, 78S)
Bottom of the 1st over - 0 runs, 1 hit, 0 errors, 1 left on base; Athletic Club KC 2 - Alaskan 0
TOP OF THE 2ND
Athletic Club KC Reserves batting - Pitching for Alaskan Humpbacks : RHP Neil Franson
Batting: RHB Geoff Rivers 0-0: Ball
1-0: Ball
2-0: Called Strike
2-1: Called Strike
2-2: Ball
3-2: Foul Ball, location: 2F
3-2: Base on Balls
Batting: LHB Héctor Barrios 0-0: Called Strike
0-1: SINGLE (Groundball, 34D)
Geoff Rivers to second
Runner from 2nd tries for 3rd, OUT!
Batting: RHB Khal Drogo 0-0: Called Strike
0-1: Foul Ball, location: 2F
0-2: Hit by Pitch
Héctor Barrios to second
Batting: RHB Iván Chacón 0-0: Ball
1-0: Called Strike
1-1: Fly out, F9 (Flyball, 9S)
Batting: LHB Wu-shun Chu 0-0: Ball
1-0: Swinging Strike
1-1: SINGLE (Line Drive, 9LS)
Héctor Barrios to third
Khal Drogo to second
Runner from 3rd tries for Home, SAFE, no throw
Batting: LHB Tsai Ng 0-0: Called Strike
0-1: Swinging Strike
0-2: Foul Ball, location: 2F
0-2: Ball
1-2: Strikes out swinging
Top of the 2nd over - 1 run, 2 hits, 0 errors, 2 left on base; Athletic Club KC 3 - Alaskan 0
BOTTOM OF THE 2ND
Alaskan Humpbacks batting - Pitching for Athletic Club KC Reserves : LHP Jesús Otero
Batting: RHB Jesús Amador 0-0: Ball
1-0: Swinging Strike
1-1: Ground out 4-3 (Groundball, 34D)
Batting: RHB Rob Morse 0-0: Ground out 5-3 (Groundball, 56)
Batting: LHB Miguel Martínez 0-0: Ball
1-0: Ball
2-0: Ball
3-0: Called Strike
3-1: Base on Balls
Batting: LHB Kelly Drijver 0-0: Swinging Strike
0-1: Ball
1-1: Ball
2-1: Swinging Strike
2-2: DOUBLE (Flyball, 9LD)
Miguel Martínez to third
Batting: SHB Evan Adams 0-0: Called Strike
0-1: Ground out 1-3 (Groundball, P)
Bottom of the 2nd over - 0 runs, 1 hit, 0 errors, 2 left on base; Athletic Club KC 3 - Alaskan 0
TOP OF THE 3RD
Athletic Club KC Reserves batting - Pitching for Alaskan Humpbacks : RHP Neil Franson
Batting: RHB Andrés Medina 0-0: Fly out, F8 (Flyball, 8LM)
Batting: RHB Dani Reyes 0-0: Ball
1-0: Ground out 5-3 (Groundball, 56)
Batting: RHB Allen Williams 0-0: Fly out, F9 (Line Drive, 9LM)
Top of the 3rd over - 0 runs, 0 hits, 0 errors, 0 left on base; Athletic Club KC 3 - Alaskan 0
BOTTOM OF THE 3RD
Alaskan Humpbacks batting - Pitching for Athletic Club KC Reserves : LHP Sacco Brouwers
Pitching: LHP Sacco Brouwers
Batting: RHB Gregory Shankland 0-0: Ball
1-0: Swinging Strike
1-1: SINGLE (Flyball, 89S)
Batting: RHB Jesús Torres 0-0: Ball
1-0: Ground out U3 (Groundball, 3S)
Gregory Shankland to second
Batting: SHB Kai-xi Choe 0-0: Called Strike
0-1: Ball
1-1: Fly out, F4 (Popup, 34D)
Batting: RHB Urs van Munster 0-0: Called Strike
0-1: Called Strike
0-2: Strikes out looking
Bottom of the 3rd over - 0 runs, 1 hit, 0 errors, 1 left on base; Athletic Club KC 3 - Alaskan 0
TOP OF THE 4TH
Athletic Club KC Reserves batting - Pitching for Alaskan Humpbacks : RHP Neil Franson
Batting: RHB Geoff Rivers 0-0: Called Strike
0-1: Foul Ball, location: 2F
0-2: Ball
1-2: Ground out 6-3 (Groundball, 6S)
Batting: LHB Héctor Barrios 0-0: Ground out 6-3 (Groundball, 6M)
Batting: RHB Khal Drogo 0-0: Ball
1-0: Foul Ball, location: 2F
1-1: Called Strike
1-2: Ball
2-2: Foul Ball, location: 2F
2-2: SINGLE (Groundball, 34) (infield hit)
Batting: RHB Iván Chacón 0-0: Ball
1-0: Foul Ball, location: 2F
1-1: Ball
2-1: Foul Ball, location: 2F
2-2: Ball
3-2: Foul Ball, location: 2F
3-2: Base on Balls
Khal Drogo to second
Batting: LHB Wu-shun Chu 0-0: Ball
1-0: Called Strike
1-1: Fly out, F8 (Flyball, 8LXD)
Top of the 4th over - 0 runs, 1 hit, 0 errors, 2 left on base; Athletic Club KC 3 - Alaskan 0
BOTTOM OF THE 4TH
Alaskan Humpbacks batting - Pitching for Athletic Club KC Reserves : LHP Sacco Brouwers
Batting: RHB Jesús Amador 0-0: Ball
1-0: Ground out 6-3 (Groundball, 6S)
Batting: RHB Rob Morse 0-0: Swinging Strike
0-1: Foul Ball, location: 2F
0-2: Foul Ball, location: 2F
0-2: Foul Ball, location: 2F
0-2: Ball
1-2: Foul Ball, location: 2F
1-2: Ground out 6-3 (Groundball, 6)
Batting: LHB Miguel Martínez 0-0: Foul Ball, location: 2F
0-1: Foul Ball, location: 2F
0-2: Ball
1-2: Ball
2-2: Strikes out looking
Bottom of the 4th over - 0 runs, 0 hits, 0 errors, 0 left on base; Athletic Club KC 3 - Alaskan 0
TOP OF THE 5TH
Athletic Club KC Reserves batting - Pitching for Alaskan Humpbacks : RHP Neil Franson
Batting: LHB Tsai Ng 0-0: Ball
1-0: Swinging Strike
1-1: Called Strike
1-2: Fly out, F7 (Flyball, 78M)
Batting: RHB Andrés Medina 0-0: Ball
1-0: Called Strike
1-1: Ball
2-1: Ball
3-1: Base on Balls
Batting: RHB Dani Reyes 0-0: Called Strike
0-1: Ball
1-1: Fly out, F9 (Flyball, 9S)
Pitching: RHP Andrew Webster
Batting: RHB Allen Williams 0-0: Called Strike
0-1: Called Strike
0-2: Foul Ball, location: 2F
0-2: Fielders Choice at 2nd, 5-4 (Groundball, 5L)
Top of the 5th over - 0 runs, 0 hits, 0 errors, 1 left on base; Athletic Club KC 3 - Alaskan 0
BOTTOM OF THE 5TH
Alaskan Humpbacks batting - Pitching for Athletic Club KC Reserves : LHP Sacco Brouwers
Batting: LHB Kelly Drijver 0-0: Called Strike
0-1: Ball
1-1: Ground out 5-3 (Groundball, 56S)
Batting: SHB Evan Adams 0-0: Ball
1-0: Ball
2-0: Ball
3-0: Base on Balls
Batting: RHB Gregory Shankland 0-0: Ball
1-0: Foul Ball, location: 2F
1-1: Ground out 3-1 (Groundball, 2R)
Evan Adams to second
Batting: RHB Jesús Torres 0-0: Ball
1-0: Ball
2-0: Called Strike
2-1: Ball
3-1: Base on Balls
Batting: SHB Kai-xi Choe 0-0: Ball
1-0: Called Strike
1-1: Ball
2-1: Ball
3-1: Fielders Choice at 2nd, 6-4 (Groundball, 6)
Bottom of the 5th over - 0 runs, 0 hits, 0 errors, 2 left on base; Athletic Club KC 3 - Alaskan 0
TOP OF THE 6TH
Athletic Club KC Reserves batting - Pitching for Alaskan Humpbacks : RHP Andrew Webster
Batting: RHB Geoff Rivers 0-0: Foul Ball, location: 2F
0-1: Called Strike
0-2: Fly out, F8 (Flyball, 8LXD)
Batting: LHB Héctor Barrios 0-0: Ball
1-0: Ball
2-0: Swinging Strike
2-1: Ball
3-1: Base on Balls
Batting: RHB Khal Drogo 0-0: Ball
1-0: Fly out, F5 (Popup, 56)
Batting: RHB Iván Chacón 0-0: Called Strike
0-1: Fly out, F9 (Line Drive, 9S)
Top of the 6th over - 0 runs, 0 hits, 0 errors, 1 left on base; Athletic Club KC 3 - Alaskan 0
BOTTOM OF THE 6TH
Alaskan Humpbacks batting - Pitching for Athletic Club KC Reserves : LHP Sacco Brouwers
Batting: RHB Urs van Munster 0-0: Called Strike
0-1: Swinging Strike
0-2: Ball
1-2: Ball
2-2: Ball
3-2: Strikes out swinging
Batting: RHB Jesús Amador 0-0: Swinging Strike
0-1: Ball
1-1: Ball
2-1: Called Strike
2-2: Ground out 4-3 (Groundball, 4)
Batting: RHB Rob Morse 0-0: Ball
1-0: Ground out 4-3 (Groundball, 4)
Bottom of the 6th over - 0 runs, 0 hits, 0 errors, 0 left on base; Athletic Club KC 3 - Alaskan 0
TOP OF THE 7TH
Athletic Club KC Reserves batting - Pitching for Alaskan Humpbacks : RHP Andrew Webster
Batting: LHB Wu-shun Chu 0-0: Foul Ball, location: 2F
0-1: Swinging Strike
0-2: Ball
1-2: Ball
2-2: Foul Ball, location: 2F
2-2: Ball
3-2: Base on Balls
Batting: LHB Tsai Ng 0-0: Called Strike
0-1: Foul Ball, location: 2F
0-2: Foul Ball, location: 2F
0-2: Ball
1-2: Foul Ball, location: 2F
1-2: Ball
Wu-shun Chu is caught stealing 2nd base
2-2: Foul Ball, location: 2F
2-2: Foul Ball, location: 2F
2-2: Fly out, F2 (Popup, 25F)
Batting: RHB Andrés Medina 0-0: Called Strike
0-1: SINGLE (Groundball, 56D)
Batting: RHB Dani Reyes 0-0: Ball
1-0: Ball
2-0: Foul Ball, location: 2F
2-1: Swinging Strike
2-2: Strikes out swinging
Top of the 7th over - 0 runs, 1 hit, 0 errors, 1 left on base; Athletic Club KC 3 - Alaskan 0
BOTTOM OF THE 7TH
Alaskan Humpbacks batting - Pitching for Athletic Club KC Reserves : LHP Sacco Brouwers
Batting: LHB Miguel Martínez 0-0: Called Strike
0-1: Swinging Strike
0-2: Foul Ball, location: 2F
0-2: Strikes out swinging
Batting: LHB Kelly Drijver 0-0: Foul Ball, location: 2F
0-1: Foul Ball, location: 2F
0-2: Ball
1-2: Foul Ball, location: 2F
1-2: Ball
2-2: Ground out 4-3 (Groundball, 4)
Pitching: LHP Jesús Márquez
Batting: SHB Evan Adams 0-0: Called Strike
0-1: Ground out U3 (Groundball, 3)
Bottom of the 7th over - 0 runs, 0 hits, 0 errors, 0 left on base; Athletic Club KC 3 - Alaskan 0
TOP OF THE 8TH
Athletic Club KC Reserves batting - Pitching for Alaskan Humpbacks : RHP Andrew Webster
Batting: RHB Allen Williams 0-0: Ball
1-0: Ball
2-0: Called Strike
2-1: Swinging Strike
2-2: Ball
3-2: Foul Ball, location: 2F
3-2: Base on Balls
Batting: RHB Geoff Rivers 0-0: Ball
1-0: Ball
2-0: Swinging Strike
2-1: Called Strike
2-2: Foul Ball, location: 2F
2-2: Ball
3-2: Base on Balls
Allen Williams to second
Pitching: LHP Billy Grange
Batting: LHB Héctor Barrios 0-0: Sac Bunt - play at first, batter OUT! 2-3
Allen Williams to third
Geoff Rivers to second
Batting: RHB Khal Drogo 0-0: Ball
1-0: Ball
2-0: Foul Ball, location: 2F
2-1: Foul Ball, location: 2F
2-2: Ball
3-2: Foul Ball, location: 2F
3-2: Foul Ball, location: 2F
3-2: Fly out, F4 (Popup, 3DF)
Batting: RHB Iván Chacón 0-0: Ball
1-0: Ball
2-0: DOUBLE (Flyball, 8RXD)
Allen Williams scores
Geoff Rivers scores
Batting: LHB Wu-shun Chu 0-0: Foul Ball, location: 2F
0-1: Foul Ball, location: 2F
0-2: Ball
1-2: Fly out, F4 (Flyball, 4D)
Top of the 8th over - 2 runs, 1 hit, 0 errors, 1 left on base; Athletic Club KC 5 - Alaskan 0
BOTTOM OF THE 8TH
Alaskan Humpbacks batting - Pitching for Athletic Club KC Reserves : LHP Jesús Márquez
Batting: RHB Gregory Shankland 0-0: Ball
1-0: Ball
2-0: Ball
3-0: Base on Balls
Batting: RHB Jesús Torres 0-0: SINGLE (Flyball, 89S)
Gregory Shankland to second
Runner from 2nd tries for 3rd, SAFE, throw made to third
Batting: SHB Kai-xi Choe 0-0: Swinging Strike
0-1: SINGLE (Groundball, 56) (infield hit)
Gregory Shankland scores
Jesús Torres to second
Batting: RHB Urs van Munster 0-0: Called Strike
0-1: Fly out, F3 (Popup, 23F)
Batting: RHB Jesús Amador 0-0: Called Strike
0-1: Fly out, F6 (Popup, 6M)
Batting: RHB Rob Morse 0-0: Called Strike
0-1: Fly out, F6 (Popup, 15)
Bottom of the 8th over - 1 run, 2 hits, 0 errors, 2 left on base; Athletic Club KC 5 - Alaskan 1
TOP OF THE 9TH
Athletic Club KC Reserves batting - Pitching for Alaskan Humpbacks : LHP Billy Grange
Batting: LHB Tsai Ng 0-0: Ball
1-0: Ground out 5-3 (Groundball, 56S)
Batting: RHB Andrés Medina 0-0: Reached on error, E6 (Groundball, 6M)
Batting: RHB Dani Reyes 0-0: Swinging Strike
0-1: Called Strike
0-2: Strikes out swinging
Batting: RHB Allen Williams 0-0: Fly out, F9 (Line Drive, 9)
Top of the 9th over - 0 runs, 0 hits, 1 error, 1 left on base; Athletic Club KC 5 - Alaskan 1
BOTTOM OF THE 9TH
Alaskan Humpbacks batting - Pitching for Athletic Club KC Reserves : LHP Jesús Márquez
Batting: LHB Miguel Martínez 0-0: Foul Ball, location: 2F
0-1: Foul Ball, location: 2F
0-2: Ball
1-2: Fly out, F7 (Flyball, 7)
Batting: LHB Kelly Drijver 0-0: Called Strike
0-1: Ball
1-1: Ground out 6-3 (Groundball, 6)
Batting: SHB Evan Adams 0-0: Ball
1-0: Foul Ball, location: 2F
1-1: Ball
2-1: SINGLE (Line Drive, 4M)
Batting: RHB Gregory Shankland 0-0: Fly out, F7 (Flyball, 78S)
Bottom of the 9th over - 0 runs, 1 hit, 0 errors, 1 left on base; Athletic Club KC 5 - Alaskan 1
Tuesday, December 19th, 2017 - OOTP Baseball 18.8 Build 76